 Dungeon Crawl Stone Soup version 0.20-a0-970-gcd8f41e (webtiles) character file.

34 Rrauwl the Caller (level 3, 0/27 HPs)
             Began as a Barachi Summoner on Apr 8, 2017.
             Succumbed to an adder's poison
             ... on level 3 of the Dungeon.
             The game lasted 00:06:41 (978 turns).

Rrauwl the Caller (Barachi Summoner)                 Turns: 978, Time: 00:06:42

Health: 0/27       AC:  6    Str: 10    XL:     3   Next: 31%
Magic:  5/6        EV: 10    Int: 20    God:
Gold:   70         SH:  0    Dex: 12    Spells: 6/7 levels left

rFire    . . .     SeeInvis .   j - +0 spear
rCold    . . .     Gourm    .   (no shield)
rNeg     . . .     Faith    .   m - +0 ring mail
rPois    .         Spirit   .   (no helmet)
rElec    .         Reflect  .   (no cloak)
rCorr    .         Harm     .   e - +0 pair of gloves
MR       +....                  (no boots)
Stlth    +.........             (no amulet)
Regen    0.1/turn               k - ring of protection from magic
MPRegen  0.1/turn               l - +5 ring of intelligence

@: lethally poisoned (0 -> -1), can't hop, slow
A: +LOS, swims, slowness 1, strong legs 1
a: Hop


You were on level 3 of the Dungeon.
You were hungry.

You visited 1 branch of the dungeon, and saw 3 of its levels.

You collected 70 gold pieces.

Inventory:

Hand Weapons
 j - a +0 spear (weapon)
Armour
 e - a +0 pair of gloves (worn)
 m - a +0 ring mail (worn)
Jewellery
 k - a ring of protection from magic (left hand)
 l - a +5 ring of intelligence (right hand)
Scrolls
 d - a scroll of identify
 h - a scroll of fog
 i - a scroll of remove curse
Books
 b - a book of Callings

   Spells                             Type                      Level
   a - Summon Small Mammal            Summoning                    1
   b - Call Imp                       Summoning                    2
   c - Call Canine Familiar           Summoning                    3
   d - Summon Guardian Golem          Hexes/Summoning              3
   e - Summon Lightning Spire         Summoning/Air                4
   f - Summon Ice Beast               Ice/Summoning                4
Comestibles
 c - a bread ration
 g - 2 royal jellies


   Skills:
 + Level 1.7 Fighting
 + Level 0.8 Armour
 - Level 2.1 Dodging
 - Level 2.0 Stealth
 + Level 2.6 Spellcasting
 + Level 5.1 Summonings


You had 6 spell levels left.
You knew the following spells:

 Your Spells              Type           Power        Failure   Level  Hunger
a - Summon Small Mammal   Summ           ###.         6%          1    None


Dungeon Overview and Level Annotations

Branches:
Dungeon (3/15)

Altars:

Annotations:
D:3 Jessica


Innate Abilities, Weirdness & Mutations

Shadows flee at your approach. (+LOS)
You can swim through water.
You cover ground slowly.
You can hop short distances.


Message History

The frilled lizard dies!
Unknown command.
Things that are here:
a frilled lizard corpse; a giant cockroach corpse Butcher a frilled lizard corpse? [(y)es/(c)hoosy/(n)o/(a)ll/(e)dible/(q)uit/?]
Butcher a giant cockroach corpse? [(y)es/(c)hoosy/(n)o/(a)ll/(e)dible/(q)uit/?]
You butcher the frilled lizard corpse.
You butcher the giant cockroach corpse.
* * * LOW HITPOINT WARNING * * *
You feel sick.
Things that are here:
a chunk of flesh x2
There is a stone staircase leading down here.
You climb downwards.
Your summoned allies are left behind.
Jessica the Apprentice Sorceress comes into view.
Found a bubbling purple potion and a flail.
There is a stone staircase leading up here.
You are too injured to fight recklessly!
A worm and a goblin come into view.
You die...

## # ) #. !#
.## ##. ..
.. #.#.#
#...# #<#
#@#
..%.....@..#
..g...####.#
##w#. .# # #


You could see a worm (sleeping), Jessica (sleeping) and a goblin (sleeping).

Vanquished Creatures
  A leopard gecko (D:2)
  A giant cockroach (D:2)
  2 goblins (D:1)
  4 hobgoblins
  3 jackals (D:1)
  4 bats (D:1)
  3 kobolds
  3 rats (D:1)
21 creatures vanquished.

Vanquished Creatures (collateral kills)
  An adder (D:2)
  A dart slug (D:1)
  A hobgoblin (D:1)
  A kobold (D:1)
  A bat (D:1)
  A frilled lizard (D:2)
6 creatures vanquished.

Grand Total: 27 creatures vanquished

Notes
Turn   | Place    | Note
-------+----------+-------------------------------------------
     0 | D:1      | Rrauwl the Barachi Summoner began the quest for the Orb.
     0 | D:1      | Reached XP level 1. HP: 13/13 MP: 3/3
     6 | D:1      | Noticed a polar bear
     6 | D:1      | Noticed a worker ant
     6 | D:1      | Noticed a water moccasin
     7 | D:1      | Noticed a crocodile
     7 | D:1      | Noticed a rime drake
   309 | D:1      | Reached XP level 2. HP: 20/20 MP: 5/5
   315 | D:1      | Reached skill level 1 in Fighting
   859 | D:2      | Reached skill level 5 in Summonings
   945 | D:2      | Reached XP level 3. HP: 19/27 MP: 4/6
   970 | D:2      | HP: 1/27 [poisoned by an adder]
   977 | D:3      | Noticed Jessica
   978 | D:3      | Succumbed to an adder's poison

Vault maps used:
D:1:      onia_arrival_zoo_common
D:2:      grunt_temple_overflow_open, overflow_temple_1_default,
          minmay_pentomino_r2
D:3:      first_bread, uniq_grinder, uniq_jessica, uniq_terence

Skill      XL: |  1  2 |
---------------+-------+-----
Fighting       | 1 |  1.7
Stealth        | 2 |  2.0
Summonings     | 5 |  5.1
Armour         | |  0.8
Dodging        | |  2.1
Spellcasting   | |  2.6

Action                   || total
-------------------------++-------
Melee: Unarmed           ||    17
       Spear             ||    78
 Cast: Summon Small Mamm ||    10
 Abil: Hop               ||     1
  Use: Potion            ||     1
       Scroll            ||     3
 Stab: Sleeping          ||     3
       Distracted        ||     1
Armor: Robe              ||     4
       Leather armour    ||    14
       Ring mail         ||    19
Dodge: Dodged            ||    50
